 Dungeon Crawl Stone Soup version 0.31-a0-986-g5e6e4ef867 (webtiles) character file.

Game seed: 14178873534057240041

113 Curundu the Cutter (level 5, -3/42 HPs)
             Began as a Human Berserker on Nov 16, 2023.
             Was a Believer of Trog.
             Slain by a gnoll bouda
             ... wielding a +0 whip
              (5 damage)
             ... on level 4 of the Dungeon.
             The game lasted 00:19:13 (3057 turns).

Curundu the Cutter (Human Berserker)                Turns: 3057, Time: 00:19:16

Health: -3/42      AC:  8    Str: 17    XL:     5   Next: 17%
Magic:  5/5        EV: 20    Int:  8    God:    Trog [**....]
Gold:   205        SH:  0    Dex: 14    Spells: 4/4 levels left

rFire   . . .        a - +0 short sword
rCold   . . .        (no shield)
rNeg    . . .        k - +0 scale mail
rPois   .            h - +0 helmet
rElec   .            i - +0 cloak
rCorr   .            (no gloves)
SInv    .            (no boots)
Will    .....        (no amulet) Stlth
                     d - +5 ring of evasion
HPRegen 0.27/turn    u - +5 ring of evasion
MPRegen 0.09/turn

%: no passive effects
@: no status effects
A: no striking features
a: Renounce Religion, Berserk, Trog's Hand


You were on level 4 of the Dungeon.
You worshipped Trog.
Trog was pleased with you.
You visited 1 branch of the dungeon, and saw 4 of its levels.

You collected 205 gold pieces.

Inventory:

Hand Weapons
 a - a +0 short sword (weapon)
 v - a +0 dagger
Missiles
 l - 22 stones (quivered)
Armour
 h - a +0 helmet (worn)
 i - a +0 cloak (worn)
 k - a +0 scale mail (worn)
Magical Staves
 q - a staff of death
Jewellery
 d - a +5 ring of evasion (left hand)
 f - an amulet of faith
 u - a +5 ring of evasion (right hand)
Scrolls
 b - 2 scrolls of vulnerability {unknown}
 g - 2 scrolls of poison {unknown}
 j - a scroll of enchant armour {unknown}
 m - a scroll of amnesia {unknown}
 o - a scroll of revelation {unknown}
 p - a scroll of brand weapon {unknown}
 w - a scroll of identify {unknown}
Potions
 c - a potion of degeneration {unknown}
 e - 4 potions of enlightenment {unknown}
 n - 3 potions of invisibility {unknown}
 r - a potion of cancellation {unknown}
 s - a potion of brilliance {unknown}
 t - a potion of magic {unknown}
 x - 2 potions of haste {unknown}


   Skills:
 + Level 3.8 Fighting
 + Level 4.1 Short Blades
 + Level 2.7 Armour
 + Level 2.5 Dodging
 + Level 0.6 Stealth


You had 4 spell levels left.
You didn't know any spells.
Your spell library contained the following spells:

 Spells                   Type           Power      Damage    Failure   Level
 Freeze                   Ice            0%         1d3       82%         1
 Ensorcelled Hibernation  Hex/Ice        0%         N/A       91%         2
 Passwall                 Tmut/Erth      0%         N/A       91%         2
 Call Canine Familiar     Summ           0%         N/A       99%         3
 Frozen Ramparts          Ice            0%         1d1       99%         3
 Hailstorm                Conj/Ice       0%         3d3       99%         3
 Sigil of Binding         Hex            0%         N/A       99%         3
 Swiftness                Air            0%         N/A       99%         3
 Tukima's Dance           Hex            0%         N/A       99%         3
 Dimensional Bullseye     Hex/Tloc       0%         N/A       100%        4
 Leda's Liquefaction      Hex/Erth       0%         N/A       100%        4
 Passage of Golubria      Tloc           0%         N/A       100%        4
 Yara's Violent Unravell  Hex/Tmut       0%         3d3       100%        5


Dungeon Overview and Level Annotations

Branches:
Dungeon (4/15)
 Temple: D:4-7

Altars:


Message History

You hit the gnoll.
The gnoll is severely wounded.
The gnoll is no longer moving quickly. x2; The gnoll closely misses you.
You hit the gnoll but do no damage.
The gnoll is severely wounded.
The gnoll is no longer moving quickly.
The gnoll completely misses you. The gnoll misses you.
The gnoll bouda completely misses you.
You hit the gnoll but do no damage.
The gnoll is severely wounded.
The gnoll is no longer moving quickly.
The gnoll hits you from afar with a +0 spear.
The gnoll misses you. The gnoll closely misses you.
The gnoll bouda barks out a call to the hunt!
The gnolls pick up the pace!
You barely miss the gnoll.
The gnoll is heavily wounded.
The gnoll closely misses you. The gnoll barely misses you.
The gnoll hits you with a +0 flail. The gnoll bouda barely misses you.
You barely miss the gnoll.
The gnoll is heavily wounded.
The gnoll hits you from afar with a +0 spear.
The gnoll completely misses you.
You barely miss the gnoll.
The gnoll is heavily wounded.
The gnoll misses you.
The gnoll bouda hits you with a +0 whip.
The gnoll completely misses you.
You hit the gnoll.
The gnoll is severely wounded.
The gnoll closely misses you. The gnoll hits you with a +0 flail!
* * * LOW HITPOINT WARNING * * *
The gnoll bouda barely misses you.
You hit the gnoll but do no damage.
The gnoll is severely wounded.
The gnoll closely misses you.
The gnoll hits you from afar with a +0 spear!
* * * LOW HITPOINT WARNING * * *
The gnoll misses you.
The gnoll bouda hits you with a +0 whip.
You die...

##g##....##.>#.
##..........o...
.............#
#g.g........#.#
#....<......#
###g......###
#gg......#
#g#......#
#@#......#
#...g#####.#
.......# ...
###.....# ..
#...... #######.
#


You could see a gnoll bouda and 4 gnolls.

Vanquished Creatures
  2 adders
  3 worms
  4 dart slugs (D:2)
  An orc (D:3)
  2 endoplasms
  6 giant cockroaches
  11 goblins
  9 hobgoblins
  4 jackals (D:1)
  2 quokkas
  8 ball pythons
  4 bats
  9 frilled lizards (D:3)
  6 kobolds
  2 rats
73 creatures vanquished.

Notes
Turn   | Place    | Note
-------+----------+-------------------------------------------
     0 | D:1      | Curundu the Human Berserker began the quest for the Orb.
     0 | D:1      | Reached XP level 1. HP: 18/18 MP: 1/1
   232 | D:1      | Reached XP level 2. HP: 16/24 MP: 2/2
   644 | D:2      | Reached XP level 3. HP: 28/29 MP: 3/3
  1413 | D:2      | Reached XP level 4. HP: 37/37 MP: 4/4
  1586 | D:2      | Reached ** piety under Trog
  2415 | D:3      | Reached skill level 4 in Short Blades
  2415 | D:3      | Reached XP level 5. HP: 42/42 MP: 5/5
  3057 | D:4      | HP: 2/42 [gnoll/+0 spear[a gnoll bouda] (8)]
  3057 | D:4      | Slain by a gnoll bouda

Illustrated notes

Levels and vault maps discovered:
D:1:      roderic_chinese_lattice_arrival, layout_rooms
D:2:      cheibrodos_greedy_goblins, layout_loops_ring, minmay_splitting_lines,
          dk_vineyard_3
D:3:      layout_basic, minmay_lizard_king
D:4:      layout_rooms, lightli_temple_of_fire

Skill      XL: |  1  2  3  4 |
---------------+-------------+-----
Short Blades   | 4 |  4.1
Fighting       | |  3.8
Armour         | |  2.7
Dodging        | |  2.5
Stealth        | |  0.6

Action                     |  1- 3 |  4- 6 || total
---------------------------+-------+-------++-------
  Melee: Short sword       |   196 |   199 ||   395
         Punch             |     1 |     4 ||     5
  Throw: Stone             |     2 |     4 ||     6
 Armour: Animal skin       |    26 |       ||    26
         Scale mail        |    42 |    67 ||   109
  Dodge: Dodged            |   128 |   230 ||   358

Table legend: (Time is in decaauts)
 A = Elapsed time spent in this place.
 B = Non-inter-level travel time spent in this place.
 C = Inter-level travel time spent in this place.
 D = Time resting spent in this place.
 E = Time spent auto-exploring this place.
 F = Levels seen in this place.
 G = Mean time per level.
                   A        B        C        D        E       F      G
               +--------+--------+--------+--------+--------+-----+--------+
         Total |   2991 |   2991 |      0 |    275 |      0 |   4 |  747.8 |
       Dungeon |   2991 |   2991 |      0 |    275 |      0 |   4 |  747.8 |
               +--------+--------+--------+--------+--------+-----+--------+

Top non-repeatable levels by time:
     D:2: 1232 daAuts
     D:3: 1130 daAuts
     D:1: 610 daAuts
     D:4: 19 daAuts
